[Event "Titled Tuesday Blitz July 13 2021"]
[White "Toniutti, Ezio"]
[Black "Martinez Reyes, Pedro Ramon"]
[WhiteFideId "113034"]
[BlackFideId "3901807"]
[WhiteElo "2215"]
[BlackElo "2398"]
[Result "0-1"]
[Round "05"]
[TimeControl "180+1"]
[Date "2021.07.13"]
[WhiteClock "0:00:04"]
[BlackClock "0:00:07"]

1. d4 e6 2. c4 d6 3. e4 g6 4. Nc3 Bg7 5. Bd3 Ne7 6. Be3 Nbc6 7. Nge2 Nb4 8. O-O Nxd3 9. Qxd3 b6 10. f4 O-O 11. Rad1 f5 12. e5 Bb7 13. Qc2 d5 14. c5 Nc6 15. a3 Na5 16. Kh1 Ba6 17. Rfe1 Nc4 18. Bf2 Qc8 19. a4 c6 20. Na2 Rb8 21. b3 Na5 22. Nec3 bxc5 23. dxc5 Rxb3 24. Ne2 Bxe2 25. Rxe2 Qa6 26. Nc1 Rb4 27. Nd3 Re4 28. Rb1 h6 29. h3 g5 30. g3 Kh7 31. Rbe1 Rb8 32. Kg2 Rb3 33. Nc1 Rbb4 34. Rxe4 Rxe4 35. Rxe4 fxe4 36. Ne2 Nc4 37. Nd4 gxf4 38. gxf4 Qc8 39. Qe2 Qe8 40. Qg4 e3 41. Be1 h5 42. Qxe6 Qxe6 43. Nxe6 Kg6 44. Ng5 Bf8 45. Kf3 Bxc5 46. h4 Kf5 47. Ne6 Kxe6 48. Bc3 Kf5 49. Be1 d4 50. Ke2 Nb2 51. Kf3 d3 52. Bc3 d2 53. Ke2 Nxa4 0-1


[Site "https://www.chess.com"]

[Event "Titled Tuesday Blitz July 13 2021"]
[White "Tristan, Leonardo"]
[Black "Dobrowolski, Piotr"]
[WhiteFideId "113816"]
[BlackFideId "1106236"]
[WhiteElo "2404"]
[BlackElo "2304"]
[Result "1-0"]
[Round "05"]
[TimeControl "180+1"]
[Date "2021.07.13"]
[WhiteClock "0:00:13"]
[BlackClock "0:00:09"]

1. d4 e6 2. Nf3 c5 3. c3 d5 4. Bf4 Nf6 5. e3 Bd6 6. Bb5+ Nc6 7. Bg3 O-O 8. Nbd2 Qe7 9. Bxc6 bxc6 10. Qa4 cxd4 11. Bxd6 Qxd6 12. cxd4 Rb8 13. Nb3 Qb4+ 14. Qxb4 Rxb4 15. Ne5 Ba6 16. Nxc6 Rc4 17. Rc1 Rxc1+ 18. Nxc1 Bb7 19. Na5 Rc8 20. Nd3 Ba6 21. Nc5 e5 22. Kd2 exd4 23. exd4 Bb5 24. f3 h5 25. Rc1 h4 26. a4 Be8 27. b4 Nh5 28. b5 Nf4 29. g3 hxg3 30. hxg3 Nh5 31. g4 Nf6 32. Nd3 Rb8 33. Nc6 Bxc6 34. Rxc6 Kf8 35. Nb4 Ke7 36. g5 Ne8 37. Nxd5+ Kd7 38. Ra6 Rb7 39. Nb4 Nd6 40. Nc6 f6 41. gxf6 gxf6 42. Rxa7 Rxa7 43. Nxa7 Nc4+ 44. Kc3 Nb6 45. a5 Nd5+ 46. Kc4 Ne3+ 47. Kc5 Nc2 48. b6 Ne1 49. b7 Kc7 50. a6 Nd3+ 51. Kc4 Nb2+ 52. Kb3 Nd3 53. Nc6 1-0


[Site "https://www.chess.com"]

[Event "Titled Tuesday Blitz July 13 2021"]
[White "Tsotsonava, Elene"]
[Black "Kononenko, Dmitry"]
[WhiteFideId "13615939"]
[BlackFideId "14113538"]
[WhiteElo "1847"]
[BlackElo "2289"]
[Result "0-1"]
[Round "05"]
[TimeControl "180+1"]
[Date "2021.07.13"]
[WhiteClock "0:00:02"]
[BlackClock "0:00:07"]

1. e4 c6 2. d4 d5 3. e5 Bf5 4. h4 h5 5. c4 e6 6. Nc3 Ne7 7. Bg5 dxc4 8. Bxc4 Nd7 9. a3 Nb6 10. Be2 Qd7 11. Bf3 Ned5 12. Nge2 Be7 13. Bxe7 Nxe7 14. Ng3 Bg6 15. Bxh5 Bxh5 16. Nxh5 Nf5 17. Ne4 O-O-O 18. Nhg3 Nxh4 19. Nd6+ Kb8 20. Qg4 Nf5 21. Rxh8 Rxh8 22. Ndxf5 exf5 23. Qxg7 Rd8 24. O-O-O Qd5 25. Nxf5 Na4 26. Qg5 Qc4+ 27. Kd2 Rd5 28. Rc1 Qb3 29. Qg8+ Kc7 30. Qxf7+ Kb6 31. Qe7 a5 32. Qg5 Qxb2+ 33. Kd1 Qxa3 34. Qe3 Nb2+ 35. Ke1 Nd3+ 36. Kd1 Qxc1+ 37. Qxc1 Nxc1 38. Kxc1 Kc7 39. g4 a4 40. Kb2 b5 41. Ka3 c5 42. dxc5 Rxe5 43. Nd4 Re4 44. Nxb5+ Kc6 45. Nc3 Rxg4 46. Nxa4 Kb5 47. Nc3+ Kxc5 48. Kb3 Rf4 49. Kc2 Rf3 50. Ne4+ Kd4 51. Nd2 Rxf2 52. Kd1 Kd3 53. Nf3 Rxf3 54. Ke1 Rf4 55. Kd1 Rf1# 0-1


[Site "https://www.chess.com"]

[Event "Titled Tuesday Blitz July 13 2021"]
[White "Vasquez Schroeder, Rodrigo"]
[Black "Nozdrachev, Leonid"]
[WhiteFideId "3400042"]
[BlackFideId "24113433"]
[WhiteElo "2572"]
[BlackElo "2221"]
[Result "1-0"]
[Round "05"]
[TimeControl "180+1"]
[Date "2021.07.13"]
[WhiteClock "0:00:38"]
[BlackClock "0:01:03"]

1. e4 d6 2. d4 Nf6 3. Nc3 e5 4. Nf3 Nbd7 5. Bc4 Be7 6. O-O O-O 7. a4 c6 8. Ba2 Qc7 9. h3 Re8 10. a5 Nf8 11. Re1 Ng6 12. Be3 Rf8 13. Qd2 Nh5 14. Bc4 Nhf4 15. Bf1 f5 16. exf5 Bxf5 17. dxe5 dxe5 18. Bxf4 exf4 19. Bc4+ Kh8 20. Be6 Rad8 21. Qe2 Bb4 22. Bxf5 Rxf5 23. a6 b5 24. Qe4 Bxc3 25. Qxf5 Bxe1 26. Rxe1 Rf8 27. Qh5 Ne7 28. Ng5 h6 29. Ne6 Qa5 30. c3 Rg8 31. Nxf4 Nd5 32. Ng6+ Kh7 33. Qf5 Rd8 34. Ne5+ Kg8 35. Nxc6 1-0


[Site "https://www.chess.com"]

[Event "Titled Tuesday Blitz July 13 2021"]
[White "Vivas Zamora, Fabian Ernesto"]
[Black "Kretov, Evgenij"]
[WhiteFideId "3902480"]
[BlackFideId "4167821"]
[WhiteElo "1966"]
[BlackElo "2400"]
[Result "0-1"]
[Round "05"]
[TimeControl "180+1"]
[Date "2021.07.13"]
[WhiteClock "0:00:01"]
[BlackClock "0:01:12"]

1. c4 Nf6 2. Nc3 c5 3. Nf3 e6 4. d4 cxd4 5. Nxd4 a6 6. g3 Qc7 7. Qd3 Nc6 8. b3 Bb4 9. Bd2 O-O 10. Bg2 d6 11. O-O Bc5 12. Nxc6 bxc6 13. Na4 Ba7 14. Rfd1 d5 15. Rac1 Qe7 16. cxd5 cxd5 17. Bf4 Bd7 18. Rc7 Rfc8 19. Rdc1 Ne8 20. Rxc8 Bxc8 21. e4 Nf6 22. Rc7 Qd8 23. exd5 Nxd5 24. Nc3 Bb8 0-1


[Site "https://www.chess.com"]

[Event "Titled Tuesday Blitz July 13 2021"]
[White "Vlassov, Nikolai"]
[Black "Erdogdu, Mert"]
[WhiteFideId "4103360"]
[BlackFideId "6301495"]
[WhiteElo "2407"]
[BlackElo "2485"]
[Result "0-1"]
[Round "05"]
[TimeControl "180+1"]
[Date "2021.07.13"]
[WhiteClock "0:00:03"]
[BlackClock "0:00:12"]

1. e4 d5 2. exd5 Qxd5 3. Nc3 Qd6 4. Nf3 Nf6 5. d4 c6 6. g3 Bg4 7. Bg2 e6 8. O-O Qc7 9. h3 Bh5 10. g4 Bg6 11. Ne5 Nbd7 12. f4 O-O-O 13. Qe2 Nb6 14. Qf2 Be7 15. a4 Nbd5 16. a5 Nb4 17. a6 b6 18. f5 exf5 19. gxf5 Bh5 20. Nc4 Rxd4 21. Bf4 Rxf4 22. Qxf4 Bc5+ 23. Kh1 Qxf4 24. Rxf4 Nxc2 25. Rc1 Be3 26. Nxe3 Nxe3 27. Bxc6 Kb8 28. Re1 Rc8 29. Rxe3 Rxc6 30. Re7 b5 31. Rb7+ Ka8 32. Nxb5 Rxa6 33. Re7 Nd5 34. Nc7+ Nxc7 35. Rxc7 Rb6 36. Rd4 Rb8 37. Rdd7 Rxb2 38. Rxa7+ Kb8 39. Re7 Rb5 40. f6 gxf6 41. Rad7 Ka8 42. Rd8+ Rb8 43. Rdd7 Rb2 44. Re8+ Rb8 0-1


[Site "https://www.chess.com"]

[Event "Titled Tuesday Blitz July 13 2021"]
[White "Vyatkin, Dmitry"]
[Black "Concio, Michael Jr."]
[WhiteFideId "4171900"]
[BlackFideId "5217873"]
[WhiteElo "2279"]
[BlackElo "1896"]
[Result "0-1"]
[Round "05"]
[TimeControl "180+1"]
[Date "2021.07.13"]
[WhiteClock "0:00:04"]
[BlackClock "0:00:10"]

1. d4 Nf6 2. c4 e6 3. g3 Bb4+ 4. Bd2 Qe7 5. Bg2 O-O 6. e4 Bxd2+ 7. Qxd2 e5 8. d5 d6 9. Ne2 a5 10. Nbc3 b6 11. h3 Na6 12. O-O Nc5 13. Rae1 Bd7 14. Nc1 Rfb8 15. Nd3 h6 16. Kh2 a4 17. Nb4 b5 18. cxb5 Bxb5 19. Nxb5 Rxb5 20. Nc6 Qe8 21. f4 Nfd7 22. Rf2 f6 23. Bf1 Rb6 24. f5 Rab8 25. Nxb8 Qxb8 26. Qc3 Rb4 27. Bc4 Rb7 28. a3 Qa7 29. Ree2 Nxe4 30. Qe1 Nxf2 31. Rxf2 Qd4 32. Qe2 Nc5 33. Rg2 e4 34. g4 Qe5+ 35. Kh1 e3 36. h4 Qf4 37. g5 hxg5 38. Kg1 Ne4 39. hxg5 Nxg5 40. Rg4 Qf2+ 41. Qxf2 exf2+ 42. Kxf2 Rxb2+ 43. Ke3 Rb1 44. Kd4 Ra1 45. Rg3 Kf8 46. Bb5 Rd1+ 47. Kc3 Ne4+ 48. Kc2 Rxd5 49. Re3 Rc5+ 50. Kd1 Nc3+ 0-1


[Site "https://www.chess.com"]

[Event "Titled Tuesday Blitz July 13 2021"]
[White "Wagner, Dennis"]
[Black "Obolentseva, Alexandra"]
[WhiteFideId "24650684"]
[BlackFideId "24153648"]
[WhiteElo "2355"]
[BlackElo "2113"]
[Result "1/2-1/2"]
[Round "05"]
[TimeControl "180+1"]
[Date "2021.07.13"]
[WhiteClock "0:00:19"]
[BlackClock "0:00:20"]

1. e4 c5 2. Nf3 d6 3. d4 cxd4 4. Nxd4 Nf6 5. Nc3 a6 6. Bd3 b5 7. O-O Bb7 8. Re1 g6 9. a3 Bg7 10. Bg5 O-O 11. Qd2 Re8 12. Rad1 Nbd7 13. Bh6 Bh8 14. Bf1 Rc8 15. h3 Nb6 16. f4 Nc4 17. Bxc4 Rxc4 18. e5 dxe5 19. fxe5 Nd5 20. Nf5 Qb6+ 21. Kh1 gxf5 22. Nxd5 Bxd5 23. Qg5+ Qg6 24. Rxd5 Qxg5 25. Bxg5 e6 26. Rd2 Re4 27. Rxe4 fxe4 28. Bf6 Bxf6 29. exf6 h6 30. Re2 Kh7 31. Rxe4 Kg6 32. g4 Kxf6 33. Kg2 e5 34. a4 Rb8 35. axb5 Rxb5 36. b3 Rc5 37. c4 a5 38. Kf3 Ke6 39. Ke2 f5 40. gxf5+ Kxf5 41. Kd3 Rc6 42. Re1 Rd6+ 43. Ke3 e4 44. Ke2 Ke5 45. Ra1 Ra6 46. Ke3 h5 47. h4 Kf5 48. b4 a4 49. b5 Ra8 50. b6 Ke5 51. Rd1 Rb8 52. c5 a3 53. Rc1 a2 54. Ra1 Kd5 55. Rxa2 Kxc5 56. Ra5+ Kxb6 57. Rxh5 Re8 58. Rg5 Kc6 59. h5 Kd6 60. h6 Rh8 61. Rh5 Ke6 62. Kxe4 Kf6 63. Kf4 Kg6 64. Rg5+ Kxh6 65. Rg1 Kh7 66. Ke5 Rd8 67. Kf6 Rf8+ 68. Ke7 Rg8 69. Rf1 Kg7 70. Rg1+ Kh7 71. Re1 Rg7+ 72. Kf6 Rg6+ 73. Kf5 Ra6 74. Re7+ Kg8 75. Rb7 Kf8 76. Ke5 Ke8 77. Kd5 Kd8 78. Kc5 Rh6 79. Rg7 Ke8 80. Rg5 Kf7 81. Kd4 Kf6 82. Rd5 Rg6 83. Rd6+ Kg5 84. Rd8 Kf6 85. Ke4 Kg5 86. Rd1 Kf6 87. Kf4 Kg7 88. Rd7+ Kf6 89. Rd6+ Kg7 90. Rd8 Kf6 91. Rd7 Ke6 92. Ra7 Kf6 93. Ra5 Kg7 94. Kf5 Rf6+ 95. Kg5 Rg6+ 96. Kf4 Rf6+ 97. Ke5 Rf7 98. Ra6 Re7+ 99. Kf5 Rf7+ 100. Kg5 Rb7 101. Rg6+ Kf7 102. Rh6 Rb5+ 103. Kf4 Rb4+ 104. Ke5 Rb5+ 105. Kd4 Rb4+ 106. Kc5 Rg4 107. Rd6 Rg6 108. Rd7+ Kf6 109. Rd5 Rg5 110. Rxg5 Kxg5 1/2-1/2


[Site "https://www.chess.com"]

[Event "Titled Tuesday Blitz July 13 2021"]
[White "Wong, Yinn Long"]
[Black "Liu, Manli"]
[WhiteFideId "5707684"]
[BlackFideId "8608121"]
[WhiteElo "2016"]
[BlackElo "2061"]
[Result "1-0"]
[Round "05"]
[TimeControl "180+1"]
[Date "2021.07.13"]
[WhiteClock "0:00:06"]
[BlackClock "0:00:08"]

1. e4 e6 2. d4 d5 3. Nc3 Nf6 4. Bg5 dxe4 5. Nxe4 Nbd7 6. Nf3 h6 7. Nxf6+ Nxf6 8. Bxf6 Qxf6 9. Bb5+ c6 10. Bd3 Bd6 11. Qe2 O-O 12. O-O-O c5 13. dxc5 Bxc5 14. Qe4 g6 15. h4 Bd7 16. Ne5 Bc6 17. Nxc6 bxc6 18. h5 Rab8 19. c3 Qxf2 20. b4 Qe3+ 21. Kc2 Qxe4 22. Bxe4 Be3 23. hxg6 fxg6 24. Bxg6 Rf2+ 25. Kb3 Rxg2 26. Be4 Rg3 27. Bxc6 Bf4 28. Rhe1 e5 29. Rd7 Rc8 30. b5 a6 31. a4 axb5 32. axb5 Kf8 33. Ra1 e4 34. Raa7 Be5 35. Rf7+ Kg8 36. Kc4 Bxc3 37. Rac7 Rxc7 38. Rxc7 Be5 39. Re7 Bf6 40. Rxe4 Kg7 41. b6 Rg1 42. b7 Rc1+ 43. Kd5 Rd1+ 44. Kc5 Rc1+ 45. Kd6 Rb1 46. Kc7 Bh4 47. Rxh4 Kg6 48. Be4+ 1-0


[Site "https://www.chess.com"]

[Event "Titled Tuesday Blitz July 13 2021"]
[White "Woodward, Andy"]
[Black "Kim, Sergey"]
[WhiteFideId "30953499"]
[BlackFideId "13700570"]
[WhiteElo "2137"]
[BlackElo "2495"]
[Result "1-0"]
[Round "05"]
[TimeControl "180+1"]
[Date "2021.07.13"]
[WhiteClock "0:00:51"]
[BlackClock "0:01:11"]

1. d4 Nf6 2. c4 g6 3. Nc3 Bg7 4. g3 d6 5. Bg2 O-O 6. Nf3 Nbd7 7. O-O e5 8. e4 exd4 9. Nxd4 Re8 10. h3 Nc5 11. Re1 c6 12. Qc2 a5 13. Be3 a4 14. Rad1 Qa5 15. f4 Nfd7 16. Bf2 Nb6 17. b3 Qb4 18. Ra1 axb3 19. axb3 Rxa1 20. Rxa1 Nbd7 21. Ra8 Qb6 22. Na4 Nxa4 23. Ne6 Nac5 24. Nxg7 Kxg7 25. Qc3+ Kg8 26. b4 Nxe4 27. Bxe4 c5 28. Bd5 cxb4 29. Qb2 Nc5 30. Qf6 Qd8 31. Qxf7+ Kh8 32. Bd4+ 1-0


[Site "https://www.chess.com"]

[Event "Titled Tuesday Blitz July 13 2021"]
[White "Yanchenko, Roman"]
[Black "Musovic, Armin"]
[WhiteFideId "4137329"]
[BlackFideId "939935"]
[WhiteElo "2514"]
[BlackElo "2250"]
[Result "1-0"]
[Round "05"]
[TimeControl "180+1"]
[Date "2021.07.13"]
[WhiteClock "0:00:11"]
[BlackClock "0:00:03"]

1. d4 d5 2. c4 c5 3. dxc5 e6 4. cxd5 Bxc5 5. e3 exd5 6. Nc3 Nf6 7. Nf3 O-O 8. Be2 Nc6 9. O-O a6 10. b3 Re8 11. Bb2 Ba7 12. Qd2 Bg4 13. Rfd1 Be6 14. h3 h6 15. Bf1 Rc8 16. Rac1 Qa5 17. a3 Ne4 18. Qd3 Ne7 19. b4 Qb6 20. Nxe4 dxe4 21. Qxe4 Rxc1 22. Rxc1 Qd8 23. Nd4 Bd5 24. Qg4 Ng6 25. Nf5 Re4 26. Qg3 Bb8 27. f4 Bc6 28. Bc4 Kh7 29. Bxf7 Re6 30. Bxe6 Qd2 31. Bf7 Qxg2+ 32. Qxg2 Bxg2 33. Kxg2 Nf8 34. Rc8 1-0


[Site "https://www.chess.com"]

[Event "Titled Tuesday Blitz July 13 2021"]
[White "Yeletsky, Ivan"]
[Black "Bilych, Olexiy"]
[WhiteFideId "24180327"]
[BlackFideId "14156504"]
[WhiteElo "2344"]
[BlackElo "2246"]
[Result "0-1"]
[Round "05"]
[TimeControl "180+1"]
[Date "2021.07.13"]
[WhiteClock "0:00:03"]
[BlackClock "0:00:08"]

1. e4 Nf6 2. e5 Nd5 3. d4 d6 4. Nf3 dxe5 5. Nxe5 g6 6. Bc4 Be6 7. O-O Bg7 8. Re1 O-O 9. Nd2 c6 10. c3 Nd7 11. Nef3 N7b6 12. Bb3 Nc7 13. Ne4 Bxb3 14. axb3 Nd7 15. Bg5 Ne6 16. Bh4 Nf6 17. Nxf6+ exf6 18. b4 Qd7 19. Nd2 a6 20. Ne4 g5 21. Qg4 Qd5 22. Ng3 Kh8 23. Nf5 Nf4 24. Ne3 Qb3 25. Bg3 Nd3 26. Re2 Rae8 27. h4 h6 28. Rd1 f5 29. Qh5 Nf4 30. Bxf4 gxf4 31. Nc2 Qxb2 32. Rxe8 Rxe8 33. Ne1 Qe2 34. Qxe2 Rxe2 35. Nd3 f3 36. gxf3 Bf6 37. Nc5 b6 38. Nxa6 Bxh4 39. Rf1 Rc2 40. b5 cxb5 41. d5 Rxc3 42. Rd1 Rc8 43. d6 Kg7 44. Nc7 Bf6 45. Nxb5 Be5 46. d7 Rd8 47. Rd5 Kf6 48. Kg2 Ke6 49. Rd3 Rxd7 50. Re3 Rd5 51. Nc3 Rc5 52. Ne2 Kf6 53. f4 Bd6 54. Rh3 Kg6 55. Rg3+ Kf6 56. Rh3 Bf8 57. Rb3 b5 58. Nd4 Rc4 59. Nxb5 Rxf4 60. Nc7 Rg4+ 61. Kf3 Kg6 62. Nd5 Bg7 63. Rb6+ Kg5 64. Ne3 Bd4 65. Ke2 Bxb6 66. Nxg4 fxg4 0-1


[Site "https://www.chess.com"]

[Event "Titled Tuesday Blitz July 13 2021"]
[White "Yoo, Christopher Woojin"]
[Black "Srihari L R"]
[WhiteFideId "30909694"]
[BlackFideId "46617116"]
[WhiteElo "2105"]
[BlackElo "2121"]
[Result "1-0"]
[Round "05"]
[TimeControl "180+1"]
[Date "2021.07.13"]
[WhiteClock "0:00:03"]
[BlackClock "0:00:01"]

1. e4 c6 2. d4 d5 3. exd5 cxd5 4. c4 Nf6 5. Nc3 g6 6. Nf3 Bg7 7. cxd5 O-O 8. h4 h5 9. Bc4 Nbd7 10. Qb3 Nb6 11. O-O Bf5 12. Ne5 Rc8 13. Bg5 Nxc4 14. Nxc4 Bd3 15. Ne5 Bxf1 16. Rxf1 Qd6 17. Qxb7 Rb8 18. Qxa7 Nxd5 19. Nd7 Ra8 20. Qb7 Nxc3 21. bxc3 Rfd8 22. Nc5 Bf6 23. Bxf6 Qxf6 24. a4 Qxh4 25. Ra1 Qg5 26. a5 Qd2 27. Ne4 Qf4 28. Qxe7 Kg7 29. Nc5 Qf5 30. a6 Re8 31. Qd6 Re2 32. Qg3 g5 33. Nd3 Rd2 34. Ne5 f6 35. Qe3 Rb2 36. Nd3 Rb6 37. a7 Rb7 38. Nc5 Rbxa7 39. Rxa7+ Rxa7 40. Qe1 Qf4 41. Ne6+ Kf7 42. Nxf4 gxf4 43. Qe4 h4 44. Qh7+ Ke6 45. Qxa7 1-0


[Site "https://www.chess.com"]

[Event "Titled Tuesday Blitz July 13 2021"]
[White "Yuan, Qingyu"]
[Black "deribas12345"]
[WhiteFideId "8609772"]
[WhiteElo "2359"]
[BlackElo "2521"]
[Result "1-0"]
[Round "05"]
[TimeControl "180+1"]
[Date "2021.07.13"]
[WhiteClock "0:00:16"]
[BlackClock "0:00:14"]

1. e4 e6 2. d4 d5 3. Nd2 c5 4. Ngf3 Nc6 5. exd5 exd5 6. Bb5 c4 7. Ne5 Qc7 8. O-O Bd6 9. Qf3 Nf6 10. Bxc6+ bxc6 11. Re1 O-O 12. b3 cxb3 13. axb3 c5 14. Ba3 cxd4 15. Bxd6 Qxd6 16. Qd3 Qc5 17. Ndf3 a5 18. Nxd4 Ba6 19. Qd1 Rfe8 20. Nef3 Ne4 21. Re3 g6 22. Qe1 Bb7 23. h3 Rec8 24. Rd3 Ba6 25. Re3 Bb7 26. Rd3 Qc7 27. Qe3 Re8 28. Qh6 f6 29. Re3 Qg7 30. Qf4 Bc8 31. Nb5 g5 32. Qc7 Bd7 33. Qb7 Bxb5 34. Qxd5+ Kh8 35. Qxb5 f5 36. Rxa5 Rad8 37. Qe2 Nc3 38. Rxe8+ 1-0


[Site "https://www.chess.com"]

[Event "Titled Tuesday Blitz July 13 2021"]
[White "Zong, Davis"]
[Black "Bartel, Michal"]
[WhiteFideId "30903955"]
[BlackFideId "1119257"]
[WhiteElo "2389"]
[BlackElo "2271"]
[Result "1-0"]
[Round "05"]
[TimeControl "180+1"]
[Date "2021.07.13"]
[WhiteClock "0:01:02"]
[BlackClock "0:02:15"]

1. d4 Nf6 2. c4 c5 3. d5 e6 4. Nc3 exd5 5. cxd5 d6 6. e4 g6 7. Nf3 Bg7 8. Bd3 O-O 9. O-O Re8 10. Nd2 Nbd7 11. Nc4 Nb6 12. Re1 Nxc4 13. Bxc4 a6 14. a4 Bd7 15. Bf4 Qc7 16. h3 b5 17. axb5 axb5 18. Rxa8 Rxa8 19. Nxb5 Bxb5 20. Bxb5 Qb6 21. Qd3 Rb8 22. Bc6 Nh5 23. Bxd6 Rd8 24. Be7 Rb8 25. e5 Qxb2 26. e6 fxe6 27. dxe6 Nf4 28. Qf3 g5 29. Bxg5 Ng6 30. Qf7+ Kh8 31. e7 Nxe7 32. Rxe7 h6 33. Bxh6 Qb1+ 34. Kh2 Bxh6 35. Qf6+ 1-0


[Site "https://www.chess.com"]

[Event "Titled Tuesday Blitz July 13 2021"]
[White "AleksanderHnydiuk"]
[Black "Suvorov, Luca"]
[BlackFideId "12977071"]
[WhiteElo "2595"]
[BlackElo "2127"]
[Result "1-0"]
[Round "06"]
[TimeControl "180+1"]
[Date "2021.07.13"]
[WhiteClock "0:00:30"]
[BlackClock "0:00:06"]

1. Nf3 Nf6 2. c4 e6 3. g3 d5 4. Bg2 c5 5. cxd5 exd5 6. d4 c4 7. O-O Nc6 8. b3 cxb3 9. Qxb3 Be7 10. Nc3 O-O 11. Bg5 Na5 12. Qd1 Bf5 13. Ne5 Be6 14. Rb1 Rc8 15. Qd3 h6 16. Bxf6 Bxf6 17. Rfc1 b6 18. Qf3 Bxe5 19. dxe5 d4 20. Nb5 Qg5 21. Qf4 Qxf4 22. gxf4 Bxa2 23. Ra1 Rxc1+ 24. Rxc1 Bc4 25. Nxd4 b5 26. Ra1 Nb3 27. Nxb3 Bxb3 28. Rxa7 Rb8 29. Kf1 Bc4 30. Ke1 b4 31. Kd2 b3 32. Ra8 Rxa8 33. Bxa8 b2 34. Kc2 Bxe2 35. Kxb2 Kh7 36. Kc3 Kg6 37. Be4+ Kh5 38. Bd5 Kg6 39. Kd4 Bg4 40. Be4+ Kh5 41. Bd5 Kg6 42. Ke3 Bd7 43. Kf3 Bc8 44. Kg3 Bd7 45. Be4+ Kh5 46. h4 g5 47. hxg5 hxg5 48. f5 Bc8 49. f6 Kh6 50. Bd5 Kg6 51. Bc4 Bd7 52. f4 gxf4+ 53. Kxf4 Bc8 54. Bd3+ Kh6 55. Bf5 Bb7 56. Bd7 Bd5 57. Bf5 Bc4 58. Be4 Bb3 59. Ke3 Bc4 60. Kd4 Be6 61. Bd5 Bxd5 62. Kxd5 Kg5 63. Kd6 Kf5 64. Ke7 Kxe5 65. Kxf7 Kd6 66. Kg7 Ke6 67. f7 Kd5 68. f8=Q 1-0


[Site "https://www.chess.com"]

[Event "Titled Tuesday Blitz July 13 2021"]
[White "Altman, Joshua"]
[Black "Taichman, Ori"]
[WhiteFideId "426210"]
[BlackFideId "2804069"]
[WhiteElo "1945"]
[BlackElo "2227"]
[Result "1/2-1/2"]
[Round "06"]
[TimeControl "180+1"]
[Date "2021.07.13"]
[WhiteClock "0:00:14"]
[BlackClock "0:00:17"]

1. d4 Nf6 2. c4 g6 3. Nc3 Bg7 4. Nf3 O-O 5. Bg5 d6 6. e3 c5 7. d5 Bg4 8. Be2 Nbd7 9. h3 Bxf3 10. Bxf3 Rb8 11. a4 a6 12. O-O Ne8 13. e4 Nc7 14. Be2 Bxc3 15. bxc3 b5 16. axb5 axb5 17. cxb5 Nxb5 18. Qc2 c4 19. Bxc4 Nc5 20. Rfb1 Qd7 21. Bxb5 Rxb5 22. Rxb5 Qxb5 23. Bxe7 Re8 24. Bxd6 Nxe4 25. c4 Qb6 26. c5 Qb4 27. Qa4 Qxa4 28. Rxa4 Nxd6 29. cxd6 Rd8 30. Ra6 f5 31. f4 Kf7 32. Ra7+ Kf6 33. Ra6 Kf7 34. Kf2 Ke8 35. Ke3 Kd7 36. Kd4 Re8 37. Ra7+ Kxd6 38. Rxh7 Re4+ 39. Kd3 Rxf4 40. Rh6 Kxd5 41. Rxg6 Re4 42. Rg5 Ke5 43. g4 Rf4 44. Ke3 Re4+ 45. Kf3 Rf4+ 46. Kg3 Rf1 47. gxf5 Rxf5 48. Rg8 Kf6 49. Kh4 Kf7 50. Ra8 Kg7 51. Ra7+ Kh6 52. Ra6+ Kg7 53. Kg4 Rb5 54. h4 Kg8 55. Ra7 Rb4+ 56. Kg5 Rb5+ 57. Kg6 Rb6+ 58. Kg5 Rb5+ 59. Kg6 1/2-1/2


[Site "https://www.chess.com"]

[Event "Titled Tuesday Blitz July 13 2021"]
[White "Arabidze, Meri"]
[Black "Aldokhin, Ivan"]
[WhiteFideId "13604040"]
[BlackFideId "24115720"]
[WhiteElo "2432"]
[BlackElo "2306"]
[Result "1-0"]
[Round "06"]
[TimeControl "180+1"]
[Date "2021.07.13"]
[WhiteClock "0:01:19"]
[BlackClock "0:00:01"]

1. Nf3 Nf6 2. g3 g6 3. Bg2 Bg7 4. O-O O-O 5. d4 d6 6. a4 Nc6 7. a5 e5 8. a6 e4 9. axb7 Bxb7 10. Ne1 Qe7 11. c3 Kh8 12. Nc2 Nd7 13. Nba3 Nb6 14. b4 a5 15. b5 Nb8 16. c4 N8d7 17. Rb1 c5 18. bxc6 Bxc6 19. Bb2 Rfc8 20. d5 Ba4 21. Bxg7+ Kxg7 22. Rxb6 Nxb6 23. Qd4+ Qe5 24. Qxb6 Bxc2 25. Nxc2 Rxc4 26. Ne3 Rcc8 27. h4 h5 28. Bh3 Rcb8 29. Qc6 a4 30. Nc4 Qc3 31. Nxd6 Qd4 32. Qc7 Qf6 33. Nxe4 Qb6 34. d6 Rb7 35. Qc3+ Kf8 36. Qh8# 1-0


[Site "https://www.chess.com"]

[Event "Titled Tuesday Blitz July 13 2021"]
[White "Barp, Alberto"]
[Black "Vasquez Schroeder, Rodrigo"]
[WhiteFideId "872555"]
[BlackFideId "3400042"]
[WhiteElo "2229"]
[BlackElo "2572"]
[Result "0-1"]
[Round "06"]
[TimeControl "180+1"]
[Date "2021.07.13"]
[WhiteClock "0:00:55"]
[BlackClock "0:01:51"]

1. d4 Nf6 2. c4 e6 3. Nf3 c5 4. d5 d6 5. Nc3 exd5 6. cxd5 g6 7. h3 Bg7 8. e4 a6 9. a4 Nbd7 10. Bd3 Nh5 11. Bg5 Bf6 12. Be3 O-O 13. O-O Re8 14. Qd2 Qa5 15. g4 Ng7 16. g5 Be7 17. Bf4 Nh5 18. Bh2 Qd8 19. Kg2 Ne5 20. Nxe5 dxe5 21. h4 Bd6 22. Ne2 Bd7 23. a5 c4 24. Bxc4 Qc8 25. Rfc1 Bh3+ 26. Kh1 Qg4 0-1


[Site "https://www.chess.com"]

[Event "Titled Tuesday Blitz July 13 2021"]
[White "Baskin, Robert"]
[Black "Omariev, Maksim"]
[WhiteFideId "24662402"]
[BlackFideId "4193423"]
[WhiteElo "2462"]
[BlackElo "2386"]
[Result "1-0"]
[Round "06"]
[TimeControl "180+1"]
[Date "2021.07.13"]
[WhiteClock "0:00:48"]
[BlackClock "0:00:03"]

1. c4 e5 2. g3 f5 3. Bg2 Nf6 4. Nc3 Nc6 5. Nf3 e4 6. Nh4 d6 7. d4 Be7 8. Bg5 O-O 9. e3 Qe8 10. Bf1 h6 11. Bxf6 Bxf6 12. Ng2 Ne7 13. h4 Be6 14. Nf4 Bf7 15. Be2 c5 16. d5 Bxc3+ 17. bxc3 Ng6 18. Nh3 Ne5 19. Nf4 g5 20. hxg5 hxg5 21. Nh5 Qe7 22. Qc2 Rab8 23. Kf1 a6 24. a4 b6 25. Kg2 Bg6 26. Rh2 Kf7 27. Rah1 Rh8 28. g4 fxg4 29. Ng3 Kg7 30. Qb2 Nf3 31. Rxh8 Rxh8 32. Rxh8 Kxh8 33. Qxb6 Qh7 34. Qd8+ Kg7 35. Qe7+ Bf7 36. Bxf3 gxf3+ 37. Kf1 Qh3+ 38. Ke1 Qg4 39. Qxd6 Qh3 40. Qe5+ Kf8 41. Qxe4 Qg2 42. d6 Qg1+ 43. Nf1 g4 44. d7 g3 45. d8=Q+ Kg7 46. Qg5+ Kf8 47. Qee7# 1-0


[Site "https://www.chess.com"]

[Event "Titled Tuesday Blitz July 13 2021"]
[White "Begunov, Konstantin"]
[Black "Piesik, Piotr"]
[WhiteFideId "4118510"]
[BlackFideId "1136194"]
[WhiteElo "2262"]
[BlackElo "2354"]
[Result "1-0"]
[Round "06"]
[TimeControl "180+1"]
[Date "2021.07.13"]
[WhiteClock "0:00:33"]
[BlackClock "0:00:36"]

1. d4 c5 2. dxc5 e6 3. Nc3 Bxc5 4. Ne4 Nf6 5. Nxc5 Qa5+ 6. c3 Qxc5 7. Nf3 d5 8. Bg5 Ne4 9. Bh4 Nc6 10. e3 O-O 11. Bd3 b5 12. Nd4 b4 13. Nxc6 Qxc6 14. cxb4 Ba6 15. O-O Bxd3 16. Qxd3 Rfc8 17. Rfd1 Qc2 18. Rab1 Qxd3 19. Rxd3 Rc2 20. f3 Nd2 21. Rd1 Nc4 22. b3 Ne5 23. R3d2 Rac8 24. Bg3 Rxd2 25. Rxd2 Rc1+ 26. Kf2 Nc6 27. Bd6 a6 28. a4 f6 29. b5 axb5 30. axb5 Na5 31. b6 Nb7 32. Bc7 Rb1 33. Ra2 Rxb3 34. Ra8+ Kf7 35. Ra7 Rb2+ 36. Kg3 Nc5 37. Be5+ 1-0


[Site "https://www.chess.com"]

[Event "Titled Tuesday Blitz July 13 2021"]
[White "Boidiya, Sidi"]
[Black "Maghsoodloo, Parham"]
[WhiteFideId "19600100"]
[BlackFideId "12539929"]
[WhiteElo "2113"]
[BlackElo "2601"]
[Result "1-0"]
[Round "06"]
[TimeControl "180+1"]
[Date "2021.07.13"]
[WhiteClock "0:01:45"]
[BlackClock "0:01:52"]

1. e4 c5 2. Nc3 e6 3. g3 a6 4. Bg2 h5 5. h3 Nc6 6. d3 g5 7. Be3 d6 8. Qd2 Be7 9. Nf3 f6 10. O-O-O Bd7 11. d4 cxd4 12. Nxd4 Qc7 13. f4 gxf4 14. gxf4 Nxd4 15. Bxd4 Bc6 16. Rhe1 b5 17. Kb1 b4 18. Ne2 a5 19. Nc1 Rb8 20. e5 dxe5 21. fxe5 f5 22. Nd3 Kf7 23. Nf4 Rh6 24. Qe2 Bg5 25. Nxe6 Kxe6 26. Qc4+ Ke7 27. Bc5+ 1-0


[Site "https://www.chess.com"]